 Dungeon Crawl Stone Soup version 0.29-a0-551-gffc1d7fb78 (webtiles) character file.

Game seed: 642561891352154116

252 vulpzor the Skirmisher (level 5, -3/42 HPs)
             Began as a Mummy Cinder Acolyte on June 5, 2022.
             Was a High Priest of Ignis.
             Slain by Blork the orc
             ... wielding a +3 vorpal scimitar
              (12 damage)
             ... on level 4 of the Dungeon.
             The game lasted 00:12:11 (3201 turns).

vulpzor the Skirmisher (Mummy Cinder Acolyte)       Turns: 3201, Time: 00:12:21

Health: -3/42      AC:  3    Str: 19    XL:     5   Next: 89%
Magic:  17/17      EV: 11    Int: 14    God:    Ignis [*****.]
Gold:   95         SH:  0    Dex:  7    Spells: 6/8 levels left

rFire   + . .      SeeInvis .   m - +4 quarterstaff (chaos)
rCold   . . .      Faith    .   (shield currently unavailable)
rNeg    + + +      Spirit   .   b - +0 robe
rPois   ∞          Reflect  .   (no helmet)
rElec   .          Harm     .   (no cloak)
rCorr   .          Rampage  .   (no gloves)
Will    .....                   j - +0 pair of boots
Stlth   +.........              (no amulet)
HPRegen 0.14/turn               l - ring of magical power
MPRegen 0.15/turn               g - ring of fire

@: no status effects
A: cold resistance 1, negative energy resistance 3, torment resistance 2, heat
vulnerability 1, in touch with death 1, no potions
a: Renounce Religion, Fiery Armour, Foxfire Swarm, Rising Flame


You were on level 4 of the Dungeon.
You worshipped Ignis.
Ignis was extremely pleased with you.
You visited 1 branch of the dungeon, and saw 4 of its levels.

You collected 95 gold pieces.

Inventory:

Hand Weapons
 a - a -1 falchion of flaming
 m - a +4 quarterstaff of chaos (weapon)
Missiles
 i - 5 poisoned darts (quivered)
Armour
 b - a +0 robe (worn)
 j - a +0 pair of boots (worn)
 n - a +0 cloak
Jewellery
 e - a ring of ice
 g - a ring of fire (right hand)
 l - a ring of magical power (left hand)
Wands
 q - a wand of flame (19)
Scrolls
 h - 5 scrolls of teleportation
 k - a scroll of blinking {unknown}
 o - 4 scrolls of identify
Potions
 c - 2 potions of attraction {unknown}
 d - 2 potions of flight {unknown}
 f - 2 potions of heal wounds {unknown}
 p - 4 potions of curing {unknown}


   Skills:
 + Level 4.0 Fighting
 + Level 3.5 Long Blades
 + Level 1.0 Staves
 + Level 1.4 Dodging
 + Level 1.1 Stealth
 + Level 2.2 Spellcasting
 + Level 3.0 Fire Magic


You had 6 spell levels left.
You knew the following spells:

 Your Spells              Type           Power      Damage    Failure   Level
a - Scorch                Fire           30%        2d6       10%         2

Your spell library contained the following spells:

 Spells                   Type           Power      Damage    Failure   Level
 Freeze                   Ice            4%         1d3       24%         1
 Frozen Ramparts          Ice            2%         1d2       56%         3
 Hailstorm                Conj/Ice       1%         3d3       93%         4


Dungeon Overview and Level Annotations

Branches:
Dungeon (4/15)
 Temple: D:4-7

Altars:

Annotations:
D:4 Blork the orc


Innate Abilities, Weirdness & Mutations

You are immune to poison.
Your flesh is cold resistant. (rC+)
You are immune to negative energy. (rN+++)
You are immune to unholy pain and torment.
You are vulnerable to heat. (rF-)
You are in touch with the powers of death.
You do not drink.


Message History

Found a stone staircase leading down.
Found 6 gold pieces.
You now have 95 gold pieces (gained 6).
A quokka comes into view.
The quokka closely misses you.
You thump the quokka!
You kill the quokka!
A goblin comes into view. It is wielding a +0 dagger.
The goblin shouts!
A hobgoblin comes into view.
The goblin hits you but does no damage. The goblin hits you with a +0 dagger.
You closely miss the goblin. The goblin closely misses you.
You hit the goblin. You freeze the goblin.
You kill the goblin!
Things that are here:
a +0 dagger; a goblin corpse The hobgoblin shouts!
You sock the hobgoblin!
You kill the hobgoblin!
Blork the orc comes into view.
He is wielding a +3 vorpal scimitar.
Blork the orc gestures wildly while chanting.
Blork the orc seems to speed up.
You hear an angry hiss.
Blork the orc screams, "I don't like you!"
Blork the orc misses you.
Blork the orc hits you with a +3 vorpal scimitar.
You sock Blork the orc!
Blork the orc looks as sick as possible!
Blork the orc is moderately wounded.
Blork the orc hits you with a +3 vorpal scimitar!
An adder comes into view.
Blork the orc hits you with a +3 vorpal scimitar.
You sock Blork the orc!
Blork the orc's magic leaks into the air.
Blork the orc is severely wounded.
Blork the orc hits you with a +3 vorpal scimitar!
* * * LOW HITPOINT WARNING * * *
x2 Blork the orc hits you with a +3 vorpal scimitar!
You die...

#.######
#.So@..#
######.#
#.# #.#
#.# #.#
#.# #
#.# #.#
### #.#
#.# #..
#.# #.#
#.#


You could see Blork the orc (fast, extremely poisoned, magic disrupted) and an
adder.

Vanquished Creatures
  A black bear (D:4)
  Crazy Yiuf (D:3)
  A hound (D:4)
  An iguana (D:4)
  2 adders (D:3)
  A worm (D:4)
  An orc (D:3)
  5 endoplasms
  3 giant cockroaches (D:1)
  10 goblins
  8 hobgoblins
  A quokka (D:4)
  4 ball pythons
  4 bats
  4 frilled lizards
  4 kobolds
  4 rats
55 creatures vanquished.

Notes
Turn   | Place    | Note
-------+----------+-------------------------------------------
     0 | D:1      | vulpzor the Mummy Cinder Acolyte began the quest for the
                  | Orb.
     0 | D:1      | Reached XP level 1. HP: 18/18 MP: 2/2
   213 | D:1      | Reached XP level 2. HP: 4/24 MP: 4/4
   563 | D:1      | Found a faded altar of an unknown god.
  1197 | D:2      | Gained mutation: You are in touch with the powers of death.
                  | [Mummy growth]
  1197 | D:2      | Reached XP level 3. HP: 27/29 MP: 5/5
  1386 | D:2      | You fall into a shaft and drop 1 floor!
  1506 | D:3      | Learned a level 2 spell: Scorch
  1662 | D:3      | Found a runed translucent door.
  1663 | D:3      | Noticed Crazy Yiuf
  1669 | D:3      | Killed Crazy Yiuf
  1823 | D:3      | Reached XP level 4. HP: 37/37 MP: 6/6
  1853 | D:3      | Reached skill level 1 in Dodging
  2421 | D:4      | Noticed a black bear
  2428 | D:4      | Killed a black bear
  2429 | D:4      | Reached skill level 1 in Stealth
  2429 | D:4      | Reached XP level 5. HP: 28/42 MP: 7/8
  2917 | D:4      | Reached skill level 4 in Fighting
  3080 | D:4      | Reached skill level 1 in Staves
  3196 | D:4      | Noticed Blork the orc
  3201 | D:4      | Slain by Blork the orc

Illustrated notes

Levels and vault maps discovered:
D:1:      erik_arrival_cave_to_civilisation [erik_arrival_cave_to_hall],
          layout_basic, hellmonk_ecumenical_altar_heavens_door
D:2:      layout_loops_ring, basic_altar, nicolae_underground_beach
D:3:      layout_loops_ring, uniq_crazy_yiuf_cottage
D:4:      layout_loops_ring, kennysheep_small_spiral, uniq_blork_the_orc

Skill      XL: |  1  2  3  4  5 |
---------------+----------------+-----
Long Blades    | 3 |  3.5
Dodging        | 1 |  1.4
Stealth        | 1 |  1.1
Spellcasting   | 2 |  2.2
Fighting       | 4 |  4.0
Staves         | 1 |  1.0
Fire Magic     | 3 |  3.0

Action                   |  1- 3 |  4- 6 || total
-------------------------+-------+-------++-------
Melee: Falchion          |    99 |       ||    99
       Punch             |     1 |       ||     1
       Quarterstaff      |     6 |    52 ||    58
 Cast: Scorch            |     3 |     4 ||     7
  Use: Scroll            |     2 |       ||     2
Armor: Robe              |    22 |    11 ||    33
Dodge: Dodged            |    71 |    26 ||    97

Table legend: (Time is in decaauts)
 A = Elapsed time spent in this place.
 B = Non-inter-level travel time spent in this place.
 C = Inter-level travel time spent in this place.
 D = Time resting spent in this place.
 E = Time spent auto-exploring this place.
 F = Levels seen in this place.
 G = Mean time per level.
                   A        B        C        D        E       F      G
               +--------+--------+--------+--------+--------+-----+--------+
         Total |   3231 |   3231 |      0 |    793 |   1525 |   4 |  807.8 |
       Dungeon |   3231 |   3231 |      0 |    793 |   1525 |   4 |  807.8 |
               +--------+--------+--------+--------+--------+-----+--------+

Top non-repeatable levels by time:
     D:1: 1184 daAuts
     D:3: 1022 daAuts
     D:4: 809 daAuts
     D:2: 216 daAuts
